 Dungeon Crawl Stone Soup version 0.17-a0-702-gb3a3556 (webtiles) character file.

20825 laxity the Brawler (level 12, -5/116 HPs)
             Began as a Naga Transmuter on Apr 19, 2015.
             Slain by a yak (6 damage)
             ... on level 3 of the Lair of Beasts.
             The game lasted 00:46:12 (22312 turns).

laxity the Brawler (Naga Transmuter)               Turns: 22312, Time: 00:46:13

Health: -5/116     AC:  8    Str: 13    XL:     12   Next: 83%
Magic:  17/24      EV: 10    Int: 20    God:
Gold:   720        SH:  0    Dex: 12    Spells: 3 memorised, 6 levels left

rFire  . . .     SeeInvis +       - Unarmed
rCold  . . .     Clarity  +     c - +0 robe
rNeg   . . .     SustAb   .     (shield currently unavailable)
rPois  +         Gourm    .     (no helmet)
rElec  .         Spirit   .     k - +2 cloak
rCorr  .         Warding  .     (gloves currently unavailable)
rMut   .         Stasis   .     (no barding)
MR     +....                    C - amulet of clarity
Stlth  +.........               M - ring of magical power
                                L - ring of wizardry

@: blade hands, studying Maces & Flails, very slow, somewhat resistant to
hostile enchantments, very unstealthy
A: see invisible, clever 1, deformed body, poison resistance, slowness 2, spit
poison 2, AC +4
a: Spit Poison, End Transformation


You were on level 3 of the Lair of Beasts.
You were very hungry.
You had blades for hands.
You visited 2 branches of the dungeon, and saw 13 of its levels.

You collected 750 gold pieces.
You spent 30 gold pieces at shops.

Inventory:

Missiles
 n - 25 stones (quivered)
Armour
 c - a +0 robe (worn)
 k - a +2 cloak (worn)
Jewellery
 j - a +2 ring of strength
 p - an uncursed ring of protection from fire
 y - an uncursed ring of protection from cold
 C - an amulet of clarity (around neck)
 L - a ring of wizardry (left scythe-like blade)
 M - a ring of magical power (right scythe-like blade)
Magical devices
 m - a wand of slowing (20)
 r - a wand of flame (23)
 t - a wand of flame (43)
 w - a wand of confusion (13)
 z - a wand of digging (7)
 D - a wand of lightning (5)
 O - a wand of disintegration (17)
 P - a wand of slowing (18)
Scrolls
 e - 5 scrolls of remove curse
 i - 4 scrolls of teleportation
 l - 4 scrolls of enchant weapon
 v - 2 scrolls of recharging
 B - 3 scrolls of amnesia
 G - a scroll of magic mapping
 I - 2 scrolls of noise
 S - a scroll of identify
Potions
 f - 2 potions of agility {unknown}
 h - 2 potions of invisibility {unknown}
 o - a potion of degeneration {unknown}
 q - 4 potions of haste {unknown}
 s - a potion of lignification {unknown}
 u - a potion of poison {unknown}
 x - a potion of cure mutation
 A - a potion of magic
 F - a potion of berserk rage
 H - a potion of cancellation {unknown}
 K - a potion of flight
 N - 2 potions of restore abilities
 T - a potion of mutation {unknown}
Books
 d - a book of Changes

   Spells                             Type                      Level
   a - Beastly Appendage              Transmutation                1
   b - Sticks to Snakes               Transmutation                2
   c - Spider Form                    Transmutation/Poison         3
   d - Ice Form                       Ice/Transmutation            4
   e - Blade Hands                    Transmutation                5
 Q - a book of Ice

   Spells                             Type                      Level
   a - Ice Form                       Ice/Transmutation            4
   b - Metabolic Englaciation         Hexes/Ice                    5
   c - Ozocubu's Refrigeration        Ice                          6
   d - Bolt of Cold                   Conjuration/Ice              6
   e - Freezing Cloud                 Conjuration/Ice/Air          6
   f - Simulacrum                     Ice/Necromancy               6
 R - a manual of Maces & Flails
Comestibles
 a - 10 bread rations
 g - 6 meat rations
 E - 12 fruits
 J - 4 slices of pizza


   Skills:
 - Level 10.0 Fighting
 - Level 1.5 Dodging
 + Level 15.3 Unarmed Combat
 - Level 2.0 Spellcasting
 - Level 10.0 Transmutations


You had 6 spell levels left.
You knew the following spells:

 Your Spells              Type           Power        Failure   Level  Hunger
a - Beastly Appendage     Trmt           #####.       4%          1    #......
b - Spider Form           Trmt/Pois      ###.......   17%         3    ###....
c - Blade Hands           Trmt           #####.....   21%         5    ######.


Dungeon Overview and Level Annotations

Branches:
Dungeon (10/15)            Temple (0/1) D:5            Lair (3/8) D:9
 Shoals (0/5) Lair:3          Orc (0/4) D:10
  Snake: Lair:3-6    Spider: Lair:3-6

Altars:
Ashenzari
Cheibriados
Dithmenos
Fedhas
Okawaru
Qazlal
The Shining One

Shops:
D:5 ?

Annotations:
D:5 emiel's ghost, average FeTm


Innate Abilities, Weirdness & Mutations

You cannot wear boots.
Your serpentine skin is tough (AC +4).
You have supernaturally acute eyesight.
Armour fits poorly on your strangely shaped body.
Your system is resistant to poisons.
You cover ground very slowly.
You can spit poison.
Your mind is acute. (Int +2)


Message History

Read which item? (? for menu, Esc to quit)
Okay, then.
Unknown command.
You slash the yak!
The yak is severely wounded.
The yak gores you.
* * * LOW HITPOINT WARNING * * *
You shred the yak!!!
You kill the yak!
The yak closely misses you.
You slice the yak!!
You kill the yak!
You slash the yak!
The yak is moderately wounded.
The yak gores you.
* * * LOW HITPOINT WARNING * * *
You slash the yak!
The yak is heavily wounded.
The yak gores you.
You die...

##............#P#.......
#.####P......## .....
### #......### ##......#
#....P## ####.## #.#
###.## #@†..# ##Y.## #
##...###.....
#.Y..........
....(#..........#
......P.......#
.............##
............#.#
.........###


You could see a yak.

Vanquished Creatures
  Erica (D:9)
  2 centaur zombies (D:10)
  The ghost of Shacut the Covered, an experienced MiFi of Trog (D:7)
  7 spiny frogs
  A black mamba (Lair:2)
  2 komodo dragons
  2 trolls (D:9)
  7 blink frogs
  21 yaks
  Sigmund (D:3)
  A hog (D:9)
  4 basilisks (D:9)
  3 deep elf magi
  3 hippogriffs
  Grum (D:5)
  A human (D:9)
  Edmund (D:6)
  9 porcupines
  10 water moccasins
  6 ice beasts
  4 phantoms
  6 orc warriors
  A black bear (D:10)
  A sky beast (D:10)
  6 centaurs
  12 crocodiles
  6 ogres
  11 giant frogs
  3 big kobolds
  A gnoll sergeant (D:5)
  2 scorpions (D:6)
  2 wyvern skeletons
  3 jellies
  3 wights (D:7)
  A giant frog zombie (D:8)
  4 crimson imps
  7 iguanas
  8 orc priests
  13 orc wizards
  11 hounds
  14 worker ants
  A centaur skeleton (D:10)
  Natasha (thrice) (D:3)
  A gnoll shaman (D:5)
  12 sheep
  A hound zombie (D:9)
  2 hound skeletons
  A worker ant zombie (D:10)
  14 gnolls
  14 adders
  23 river rats
  4 shadow imps
  3 adder skeletons
  6 worms
  5 giant geckos
  37 orcs
  3 ball pythons
  A bat zombie (D:5)
  10 giant cockroaches
  15 hobgoblins
  9 jackals
  32 kobolds
  4 quokkas
  10 bats
  6 giant newts
  A giant spore (D:9)
  11 goblins
  A quokka skeleton (D:4)
  A quokka zombie (D:8)
  19 rats
  8 ballistomycetes (D:9)
461 creatures vanquished.

Vanquished Creatures (collateral kills)
  A bat (D:7)
1 creature vanquished.

Vanquished Creatures (others)
  2 giant spores (D:9)
  A rat (D:9)
  2 ballistomycetes (D:9)
  A bush (D:9)
  4 fungi
  12 plants
22 creatures vanquished.

Grand Total: 484 creatures vanquished

Notes
Turn   | Place    | Note
--------------------------------------------------------------
     0 | D:1      | laxity, the Naga Transmuter, began the quest for the Orb.
     0 | D:1      | Reached XP level 1. HP: 18/18 MP: 3/3
   335 | D:1      | Reached XP level 2. HP: 20/25 MP: 5/5
  1217 | D:2      | Reached XP level 3. HP: 14/31 MP: 6/6
  1413 | D:1      | Learned a level 3 spell: Spider Form
  1525 | D:2      | Reached skill level 4 in Transmutations
  1532 | D:2      | Reached XP level 4. HP: 38/38 MP: 4/7
  2191 | D:3      | Noticed Natasha
  2196 | D:3      | Killed Natasha
  2196 | D:3      | Reached skill level 5 in Transmutations
  2196 | D:3      | Reached XP level 5. HP: 44/44 MP: 4/8
  2294 | D:3      | Noticed Natasha
  2302 | D:3      | Killed Natasha
  2985 | D:3      | Noticed Sigmund
  2998 | D:3      | Killed Sigmund
  2998 | D:3      | Reached skill level 6 in Transmutations
  2998 | D:3      | Reached XP level 6. HP: 45/51 MP: 6/9
  3155 | D:3      | Noticed Natasha
  3162 | D:3      | Killed Natasha
  3244 | D:4      | Learned a level 5 spell: Blade Hands
  3402 | D:4      | Reached skill level 7 in Transmutations
  3493 | D:4      | Reached XP level 7. HP: 14/57 MP: 4/10
  3814 | D:4      | Reached skill level 8 in Transmutations
  4275 | D:5      | Entered Level 5 of the Dungeon
  4409 | D:5      | Reached skill level 9 in Transmutations
  4432 | D:5      | Noticed Grum
  4446 | D:5      | Killed Grum
  4446 | D:5      | Reached XP level 8. HP: 18/67 MP: 8/11
  4836 | D:5      | Found an iron altar of Okawaru.
  5586 | D:5      | Found Siepae Cupo's Magic Scroll Boutique.
  5632 | D:5      | Bought a scroll of teleportation for 30 gold pieces
  5691 | D:5      | Reached skill level 5 in Unarmed Combat
  6186 | D:5      | Noticed emiel's ghost (average FeTm)
  6191 | D:5      | Reached XP level 9. HP: 65/80 MP: 8/12
  6201 | D:5      | Reached skill level 5 in Fighting
  6556 | D:5      | Found a staircase to the Ecumenical Temple.
  6661 | D:5      | Gained mutation: Your mind is acute. (Int +2) [potion of beneficial mutation]
  7772 | D:7      | Noticed Shacut's ghost (experienced MiFi)
  7784 | D:7      | Killed Shacut's ghost
  7958 | D:7      | Reached skill level 10 in Transmutations
  8725 | D:6      | Reached XP level 10. HP: 61/88 MP: 8/13
  9007 | D:6      | Noticed Edmund
  9021 | D:6      | Killed Edmund
  9215 | D:6      | Found a stormy altar of Qazlal.
  9223 | D:6      | Found a blossoming altar of Fedhas.
  9841 | D:8      | Found a glowing golden altar of the Shining One.
  9845 | D:8      | Found a shadowy altar of Dithmenos.
 10268 | D:8      | Reached skill level 10 in Unarmed Combat
 11234 | D:9      | Reached skill level 11 in Unarmed Combat
 11551 | D:9      | Noticed Erica
 11598 | D:9      | Killed Erica
 12002 | D:9      | Found a shattered altar of Ashenzari.
 12056 | D:9      | Reached skill level 12 in Unarmed Combat
 12387 | D:9      | Reached XP level 11. HP: 83/94 MP: 14/14
 13184 | D:9      | Reached skill level 13 in Unarmed Combat
 13757 | D:9      | Found a snail-covered altar of Cheibriados.
 13807 | D:9      | Found a staircase to the Lair.
 14638 | D:10     | Entered Level 10 of the Dungeon
 15289 | D:10     | Reached skill level 14 in Unarmed Combat
 16509 | D:10     | Found a staircase to the Orcish Mines.
 17184 | Lair:1   | Entered Level 1 of the Lair of Beasts
 17549 | Lair:1   | Noticed a seven-headed hydra
 18013 | Lair:1   | Reached XP level 12. HP: 95/103 MP: 15/15
 19951 | Lair:2   | HP: 4/112 [poisoned by a water moccasin]
 21682 | Lair:3   | Reached skill level 10 in Fighting
 21988 | Lair:3   | Found a staircase to the Shoals.
 22089 | Lair:3   | Reached skill level 15 in Unarmed Combat
 22308 | Lair:3   | HP: 5/116 [yak (5)]
 22311 | Lair:3   | HP: 1/116 [yak (5)]
 22312 | Lair:3   | Slain by a yak

Action                   |  1- 3 |  4- 6 |  7- 9 | 10-12 || total
-------------------------+-------+-------+-------+-------++-------
Melee: Unarmed           |   127 |   221 |   396 |   891 ||  1635
Throw: Stone             |       |       |       |     1 ||     1
 Cast: Beastly Appendage |     3 |       |       |       ||     3
       Spider Form       |     2 |    15 |    36 |    73 ||   126
       Blade Hands       |       |       |    11 |    27 ||    38
Evoke: Wand              |       |       |       |     3 ||     3
  Use: Scroll            |       |     5 |     9 |    19 ||    33
       Potion            |       |       |     1 |     5 ||     6
 Stab: Sleeping          |       |       |       |     1 ||     1
       Distracted        |       |       |       |     1 ||     1
       Fleeing           |       |       |       |     1 ||     1
  Eat: Chunk             |     2 |     8 |    25 |    45 ||    80
       Pizza             |       |       |     1 |     5 ||     6
       Fruit             |       |       |       |     2 ||     2
       Beef jerky        |       |       |       |     4 ||     4
       Royal jelly       |       |       |       |     1 ||     1
